 Dungeon Crawl Stone Soup version 0.29.1-15-g9cfb28693d (webtiles) character file.

Game seed: 6745079397098491810

3121 despera the Protected (level 9, 0/78 HPs)
             Began as a Minotaur Fighter on Apr 2, 2023.
             Was an Initiate of Ru.
             Slain by a komodo dragon (1 damage)
             ... on level 8 of the Dungeon on Apr 3, 2023.
             The game lasted 00:31:23 (8547 turns).

despera the Protected (Minotaur Fighter)            Turns: 8547, Time: 00:31:25

Health: 0/78       AC: 13    Str: 25    XL:     9   Next: 60%
Magic:  0/8        EV: 11    Int:  5    God:    Ru [......]
Gold:   411        SH:  5    Dex: 10    Spells: 8/8 levels left

rFire   + . .      SeeInvis .   A - +3 spear
rCold   + . .      Faith    .   c - +0 buckler
rNeg    . . .      Spirit   +   b - +2 scale mail
rPois   .          Reflect  .   (helmet restricted)
rElec   .          Harm     .   p - scarf {rC+ rF+}
rCorr   .          Rampage  .   k - +0 pair of gloves
Will    .....                   J - +0 pair of boots
Stlth   ..........              g - amulet of guardian spirit
HPRegen 0.23/turn               (no ring)
MPRegen 0.11/turn               (no ring)

@: attractive
A: horns 2, retaliatory headbutt
a: Renounce Religion, Sacrifice Arcana, Sacrifice Purity, Sacrifice Love, Reject
Sacrifices


You were on level 8 of the Dungeon.
You worshipped Ru.
Ru was noncommittal.
You visited 2 branches of the dungeon, and saw 9 of its levels.
You also visited: Sewer.

You collected 465 gold pieces.
You spent 54 gold pieces at shops.

Inventory:

Hand Weapons
 a - a +0 war axe
 l - a +2 mace
 v - a +2 morningstar of flaming
 A - a +3 spear (weapon)
 E - a +2 mace
Missiles
 h - a throwing net
 j - 87 stones
 o - 3 javelins (quivered)
 t - 23 poisoned darts
Armour
 b - a +2 scale mail (worn)
 c - a +0 buckler (worn)
 f - a +1 helmet
 k - a +0 pair of gloves (worn)
 p - a scarf of resistance (worn)
 J - a +0 pair of boots (worn)
 L - +0 acid dragon scales
 M - a scarf of resistance
Jewellery
 g - an amulet of guardian spirit (around neck)
 s - the amulet of Elemental Vulnerability {rPois rF-- rC-- AC+8}
   (You found it on level 2 of the Dungeon)

   [amulet of nothing]

   AC:        It affects your AC (+8).
   rF:        It makes you very vulnerable to fire.
   rC:        It makes you very vulnerable to cold.
   rPois:     It protects you from poison.
 K - an amulet of the acrobat
Wands
 r - a wand of digging (4)
 C - a wand of mindburst (13)
 F - a wand of roots (8)
 G - a wand of flame (25)
Scrolls
 n - 3 scrolls of teleportation
 u - 9 scrolls of identify
 w - a scroll of noise
 y - a scroll of poison
 z - a scroll of vulnerability
 B - a scroll of amnesia
 D - a scroll of immolation
Potions
 d - 3 potions of might
 e - 4 potions of curing
 i - a potion of magic
 m - 5 potions of flight
 q - 3 potions of brilliance
 x - 2 potions of degeneration
 H - a potion of berserk rage {unknown}
 I - 2 potions of attraction
 N - a potion of haste {unknown}


   Skills:
 + Level 6.6 Fighting
 + Level 7.2(8.7) Axes
 + Level 7.5(8.9) Polearms
 + Level 0.6 Throwing
 + Level 9.2 Armour
 + Level 4.6 Dodging
 + Level 1.1 Stealth
 + Level 5.7 Shields


You had 8 spell levels left.
You didn't know any spells.
Your spell library contained the following spells:

 Spells                   Type           Power      Damage    Failure   Level
 Freeze                   Ice            0%         1d3       80%         1
 Necrotise                Necr           0%         1d4       80%         1
 Sting                    Tmut/Pois      0%         1d3       80%         1
 Blink                    Tloc           0%         N/A       91%         2
 Poisonous Vapours        Pois/Air       0%         N/A       91%         2
 Frozen Ramparts          Ice            0%         1d1       99%         3
 Vampiric Draining        Necr           0%         2d6       99%         3
 Hailstorm                Conj/Ice       0%         3d3       100%        4
 Olgreb's Toxic Radiance  Pois           0%         N/A       100%        4
 Agony                    Necr           0%         N/A       100%        5
 Manifold Assault         Tloc           0%         N/A       100%        5
 Storm Form               Tmut/Air       0%         N/A       100%        7


Dungeon Overview and Level Annotations

Branches:
Dungeon (8/15)             Temple (1/1) D:6           Sewer (visited)
   Lair: D:8-11

Altars:
Ashenzari
Dithmenos
Elyvilon
Fedhas
Gozag
Hepliaklqana
Kikubaaqudgha
Makhleb
Nemelex Xobeh
Okawaru
Qazlal
Ru
Sif Muna
Trog
Uskayaw
Vehumet
Wu Jian
Xom
Yredelemnul
Zin
The Shining One

Shops:
D:2 ([![

Portals:
Abyss: D:7

Annotations:
D:7 1 transporter, Calibrex's ghost, novice TrFi
D:8 Amaemon; Maurice


Innate Abilities, Weirdness & Mutations

You have a pair of horns on your head.
You reflexively headbutt those who attack you in melee.


Message History

The orc wizard points at you and mumbles some strange words.
The puff of flame hits you. You resist.
Amaemon shouts, "You think you're better than me?"
You hear a zap.
Your will is overpowered!
You are confused.
An orc comes into view. It is wielding a +0 club.
You're too confused to move!
Amaemon hits you with a +0 demon whip of venom!
You are poisoned.
Amaemon claws you!
Amaemon tail-slaps you but does no damage.
The orange demon stings you from afar!
You are too confused!
You bump into the rock wall.
You feel very sick.
The orange demon stings you but does no damage.
The orc wizard mumbles some strange words.
The orc wizard flickers and vanishes!
Amaemon barely misses you. Amaemon claws you! Amaemon closely misses you.
You're too confused to move!
You feel sick.
Amaemon hits you with a +0 demon whip of venom!
* * * LOW HITPOINT WARNING * * *
You are lethally poisoned!
Amaemon claws you but does no damage. Amaemon tail-slaps you!
* * * LOW HITPOINT WARNING * * *
The orange demon stings you but does no damage.
There is a lethal amount of poison in your body!
You feel better. The orange demon stings you from afar.
* * * LOW HITPOINT WARNING * * *
Amaemon closely misses you. Amaemon barely misses you. x2
The komodo dragon bites you!!
* * * LOW HITPOINT WARNING * * *
It was a potion of attraction.
You feel attractive to monsters.
The orange demon no longer looks unusually toxic.
The orc hits you but does no damage.
Amaemon gestures wildly while chanting.
The orange demon stings you but does no damage.
The komodo dragon bites you.
You die...

.....#...............####....#
.....##.....>........##.#...###
.......#.#....................#
.........#.................#.###
...........##......)#.##.......#
...........#..ยง.os.##.....#.....
..........##...4o...............
..........##....6l..............
......)...###.so@...............
.#.......###..##................
###.......#....#................
...............##...............
...............................#.
.)##.#.........................#.
..##...###.......................
.....#.##........................
#....#...........................


You could see Amaemon (strong), an orange demon, a komodo dragon, 2 scorpions
and 3 orcs.

Vanquished Creatures
  Maggie (D:8)
  3 water moccasins (D:6)
  2 ice beasts
  An orc warrior (D:7)
  A black bear (D:3)
  An ogre (D:4)
  2 phantoms
  A kobold brigand (D:6)
  3 bullfrogs
  3 necrophages
  2 scorpions (D:6)
  6 wights (D:6)
  2 howler monkeys
  3 hounds (D:6)
  An orc priest (D:7)
  4 jellies
  Jessica (D:3)
  4 iguanas
  An orc wizard (D:6)
  6 gnolls
  12 adders
  5 river rats (Sewer)
  3 shadow imps
  A white imp (D:5)
  An ufetubus (D:6)
  2 worms
  4 dart slugs
  13 orcs
  14 ball pythons
  9 bats
  3 endoplasms
  6 giant cockroaches
  A goblin (D:3)
  6 hobgoblins
  5 jackals
  11 quokkas
  3 frilled lizards (D:2)
  14 kobolds
  2 quokka zombies (D:6)
  4 rats
167 creatures vanquished.

Vanquished Creatures (collateral kills)
  A kobold brigand (D:6)
  An electric eel (D:6)
  2 orc priests (D:6)
  An orc (D:6)
  3 kobolds (D:6)
8 creatures vanquished.

Vanquished Creatures (others)
  A kobold (D:6)
  41 plants (D:8)
42 creatures vanquished.

Grand Total: 217 creatures vanquished

Notes
Turn   | Place    | Note
-------+----------+-------------------------------------------
     0 | D:1      | despera the Minotaur Fighter began the quest for the Orb.
     0 | D:1      | Reached XP level 1. HP: 19/19 MP: 0/0
   475 | D:1      | Reached XP level 2. HP: 26/27 MP: 1/1
   494 | D:1      | Found a faded altar of an unknown god.
   506 | D:1      | Prayed at the altar of an unknown god.
   506 | D:1      | Became a worshipper of Ru the Awakened
   577 | D:1      | Reached skill level 4 in Armour
   975 | D:2      | Found Xauppi Pyti's Armour Shop.
  1038 | D:2      | Bought a +0 pair of gloves for 54 gold pieces
  1075 | D:2      | Found Koweomno's Antique Armour Emporium.
  1154 | D:2      | Reached XP level 3. HP: 32/33 MP: 2/2
  1271 | D:2      | Found Rehirik's Distillery.
  1390 | D:2      | Found the amulet of Elemental Vulnerability {rPois rF--
                  | rC-- AC+8}
  1517 | D:2      | Found Volos's Antique Weapon Shop.
  1715 | D:3      | Noticed a black bear
  1723 | D:3      | Killed a black bear
  1724 | D:3      | Reached skill level 5 in Armour
  1724 | D:3      | Reached XP level 4. HP: 30/40 MP: 0/3
  1724 | D:3      | Reached XP level 5. HP: 34/46 MP: 0/4
  1817 | D:3      | Noticed Jessica
  1832 | D:3      | Killed Jessica
  2098 | D:3      | Found a glowing drain.
  2102 | Sewer    | Entered a sewer
  2544 | Sewer    | Reached skill level 5 in Axes
  2544 | Sewer    | Reached XP level 6. HP: 32/53 MP: 3/5
  2796 | Sewer    | Reached skill level 1 in Dodging
  3723 | D:4      | Reached skill level 6 in Armour
  3867 | D:4      | Reached XP level 7. HP: 55/56 MP: 6/6
  4271 | D:5      | Entered Level 5 of the Dungeon
  4921 | D:5      | Found a basalt altar of Yredelemnul.
  4921 | D:5      | Found a sparkling altar of Nemelex Xobeh.
  5061 | D:6      | Reached skill level 5 in Fighting
  5067 | D:6      | Reached skill level 1 in Polearms
  5506 | D:6      | Reached skill level 7 in Armour
  5506 | D:6      | Reached XP level 8. HP: 61/67 MP: 5/7
  5641 | D:6      | Found a sand-covered staircase.
  5949 | D:6      | Found a staircase to the Ecumenical Temple.
  5991 | Temple   | Entered the Ecumenical Temple
  6168 | D:6      | Reached skill level 8 in Armour
  6211 | D:6      | Reached skill level 5 in Shields
  6406 | D:6      | Reached skill level 5 in Polearms
  6658 | D:6      | Reached XP level 9. HP: 46/75 MP: 8/8
  7486 | D:7      | Found a transporter.
  7526 | D:7      | Found a one-way gate to the infinite horrors of the Abyss.
  7526 | D:7      | Noticed Calibrex's ghost (novice TrFi)
  7611 | D:7      | Reached skill level 1 in Stealth
  8234 | D:8      | Noticed Maggie
  8257 | D:8      | Killed Maggie
  8258 | D:8      | Reached skill level 9 in Armour
  8520 | D:8      | Noticed Amaemon
  8522 | D:8      | Noticed Maurice
  8523 | D:8      | Noticed an orange demon
  8524 | D:8      | Noticed a komodo dragon
  8546 | D:8      | HP: 1/78 [komodo dragon (19)]
  8547 | D:8      | Slain by a komodo dragon

Illustrated notes

Levels and vault maps discovered:
D:1:      elethiomel_arrival_quiet, layout_basic,
          hellmonk_ecumenical_altar_zigzags
D:2:      layout_rooms, serial_shops, shop, shop_fountains, nicolae_square_shop,
          shop
D:3:      layout_rooms, gup_sewer_entry_spiral, grunt_ministairs_15,
          uniq_jessica
D:4:      nicolae_cairo_tiling_very_big, layout_loops_ring,
          hangedman_decor_opposing
D:5:      layout_loops_cross, gammafunk_temple_overflow_statue
D:6:      layout_basic, minmay_temple_entry_antechambers, enter_ossuary_4,
          minivault_4, minmay_pentangle
D:7:      layout_loops_ring, gammafunk_ghost_abyssal_escape, amethyst_killhole
D:8:      layout_cave_pools, kennysheep_slug_shrine, david_lair_shrubbed,
          minmay_misc_feat_five, uniq_joseph, uniq_maurice, uniq_amaemon,
          uniq_maggie
Temple:   hellmonk_temple_of_storms

Skill      XL: |  1  2  3  4  5  6  7  8  9 |
---------------+----------------------------+-----
Armour         | 4 5 6 7 8 9 |  9.2
Fighting       | 4 5 6 |  6.6
Axes           | 4 5 6 7 |  7.2
Shields        | 4 5 |  5.7
Dodging        | 2 3 4 |  4.6
Polearms       | 1 5 7 |  7.5
Stealth        | 1 |  1.1
Throwing       | |  0.6

Action                   |  1- 3 |  4- 6 |  7- 9 || total
-------------------------+-------+-------+-------++-------
Melee: War axe           |    74 |   137 |    18 ||   229
       Headbutt          |     8 |    22 |    54 ||    84
       Spear             |       |       |   316 ||   316
Throw: Javelin           |       |       |     3 ||     3
  Use: Scroll            |     7 |     7 |     6 ||    20
       Potion            |       |     1 |     4 ||     5
Armor: Scale mail        |    53 |   106 |   151 ||   310
Dodge: Dodged            |    49 |    93 |   164 ||   306
Block: Buckler           |    19 |    39 |    73 ||   131
